 Dungeon Crawl Stone Soup version 0.27-a0-1119-gbf574a6a6b (webtiles) character file.

Game seed: 18435606015760723648

130 Zeld the Chucker (level 5, -5/36 HPs)
             Began as an Octopode Fighter on May 3, 2021.
             Slain by a wight
             ... wielding a +3 great sword
              (14 damage)
             ... on level 2 of the Dungeon.
             The game lasted 00:01:58 (2176 turns).

Zeld the Chucker (Octopode Fighter)                 Turns: 2176, Time: 00:01:59

Health: -5/36      AC:  1    Str: 16    XL:     5   Next: 14%
Magic:  5/5        EV: 11    Int: 11    God:
Gold:   118        SH:  8    Dex: 11    Spells: 4/4 levels left

rFire    . . .     SeeInvis .   a - +0 war axe
rCold    . . .     Faith    .   b - +0 kite shield
rNeg     . . .     Spirit   .   (helmet restricted)
rPois    +         Reflect  .   q - amulet of the acrobat
rElec    .         Harm     .   p - ring of poison resistance
rCorr    .         Rampage  .   (no ring)
Will     .....                  (no ring)
Stlth    ++........             (no ring)
HPRegen  0.12/turn              (no ring)
MPRegen  0.09/turn              (no ring)
                                (no ring)
                                (no ring)

@: mighty, lethally poisoned (-5 -> -18)
A: almost no armour, amphibious, 8 rings, camouflage 1, gelatinous body 1,
(nimble swimmer 1), tentacles
a: no special abilities


You were on level 2 of the Dungeon.
You visited 1 branch of the dungeon, and saw 3 of its levels.

You collected 118 gold pieces.

Inventory:

Hand Weapons
 a - a +0 war axe (weapon)
 o - a +0 war axe
Missiles
 f - 7 boomerangs
 k - 9 poisoned darts (quivered)
Armour
 b - a +0 kite shield (worn)
Jewellery
 p - a ring of poison resistance (left tentacle)
 q - an amulet of the acrobat (around mantle)
Wands
 m - a wand of digging (3)
Scrolls
 d - a scroll of magic mapping {unknown}
 h - 2 scrolls of blinking {unknown}
 i - a scroll of identify {unknown}
 r - a scroll of teleportation {unknown}
Potions
 c - a potion of might
 e - 2 potions of mutation {unknown}
 g - a potion of heal wounds {unknown}
 j - a potion of brilliance {unknown}
 l - a potion of flight {unknown}
 n - 2 potions of curing {unknown}


   Skills:
 - Level 3.2 Fighting
 - Level 2.3 Axes
 * Level 3.9 Throwing
 - Level 3.0 Dodging
 - Level 3.2 Shields


You had 4 spell levels left.
You didn't know any spells.
Your spell library was empty.

Dungeon Overview and Level Annotations

Branches:
Dungeon (3/15)

Altars:


Innate Abilities, Weirdness & Mutations

You cannot wear most types of armour.
You are amphibious.
You can wear up to eight rings at the same time.
Your skin changes colour to match your surroundings (Stealth+).
Your rubbery body absorbs attacks. (AC +1, EV +1)
((You are camouflaged near water. (Stealth+)))
You have tentacles for arms and can constrict up to eight enemies at once.


Message History

You climb downwards.
A ball python and 4 wights come into view.
A wight is wielding a +2 hand axe of venom.
Found a stone staircase leading down and a stone staircase leading up.
There is a stone staircase leading up here.
There are monsters nearby!
There are monsters nearby!
Press: ? - help, v - describe, . - travel
Here: a wight, wielding a +0 halberd and wearing a +0 robe The floor.
The helpless wight fails to defend itself.
You hit the wight but do no damage. Your grab misses the wight.
You squeeze the wight.
The wight is lightly damaged.
The wight hits you with a +0 flail!
You slash the wight! You grab the wight.
You squeeze the wight, but do no damage.
The wight is severely damaged.
You constrict the wight. You block the wight's attack. The wight misses you.
The wight barely misses you. You block the wight's attack.
The wight hits you with a +0 flail!
You release your grip on the wight.
The wight hits you with a +2 hand axe of venom.
You block the wight's attack. The wight misses you.
You block the wight's attack.
You climb upwards.
There is a stone staircase leading down here.
You are too injured to fight recklessly!
You are too injured to fight recklessly!
You feel very mighty all of a sudden. You block the wight's attack.
The wight completely misses you. You block the wight's attack.
You slice the wight!!
You destroy the wight!
You barely miss the wight. You hit the wight. You block the wight's attack.
The wight hits you with a +2 hand axe of venom.
* * * LOW HITPOINT WARNING * * *
You are lethally poisoned!
The wight hits you with a +3 great sword!
You die...

.....#....##..##........#....#.##
...........#..##..###...#.......#
...........#..##..# #...#.......#
####.......#...#..###...#####...#
#.......#.#.#....#...######.#.
############.#..)...'...........#
.......# #.##.....#...###......
.......# #.##zz####...# #......
.......# #.###@####...# #.##.#.
.......#####.....).##...# #.##.#(
...................########.##.#.
#####..............# #........#.
#..............# #........#.
########.###.### #.......... ##
#.# #.# #.......##. .# #.# #.#
#...(...##. .# #.# #.#
#.......##.


You could see 2 wights.

Vanquished Creatures
  A scorpion (D:2)
  A wight (D:2)
  An adder (D:2)
  3 worms (D:2)
  A dart slug (D:1)
  2 ball pythons (D:1)
  7 endoplasms (D:1)
  4 giant cockroaches (D:1)
  7 goblins
  5 hobgoblins
  2 jackals (D:1)
  2 quokkas (D:1)
  2 bats (D:1)
  A frilled lizard (D:1)
  3 kobolds (D:2)
  2 rats
44 creatures vanquished.

Notes
Turn   | Place    | Note
-------+----------+-------------------------------------------
     0 | D:1      | Zeld the Octopode Fighter began the quest for the Orb.
     0 | D:1      | Reached XP level 1. HP: 16/16 MP: 1/1
   204 | D:1      | Found a faded altar of an unknown god.
   281 | D:1      | Reached XP level 2. HP: 21/21 MP: 2/2
   599 | D:1      | Reached skill level 1 in Throwing
   614 | D:1      | Reached XP level 3. HP: 25/26 MP: 3/3
  1437 | D:2      | Reached XP level 4. HP: 26/31 MP: 4/4
  1525 | D:2      | Noticed a scorpion
  1532 | D:2      | Killed a scorpion
  1533 | D:2      | Reached XP level 5. HP: 31/36 MP: 5/5
  2176 | D:2      | Slain by a wight

Illustrated notes

Levels and vault maps discovered:
D:1:      minmay_arrival_floating_metal, layout_rooms, basic_ecumenical_altar,
          minmay_misc_feat_alley, minmay_tromino_v2
D:2:      layout_basic
D:3:      minmay_wonky_spiral, layout_basic, vehumet_altar_wand_db,
          lemuel_round_altar, interstate_on_off, grunt_ministairs_7,
          uniq_terence, uniq_crazy_yiuf_cottage

Skill      XL: |  1  2  3  4 |
---------------+-------------+-----
Throwing       | 1 2 3 |  3.9
Fighting       | |  3.2
Axes           | |  2.3
Dodging        | |  3.0
Shields        | |  3.2

Action                   |  1- 3 |  4- 6 || total
-------------------------+-------+-------++-------
Melee: War axe           |    67 |    14 ||    81
       Tentacles         |    15 |     5 ||    20
       Constrict         |    19 |     3 ||    22
Throw: Dart              |       |     4 ||     4
  Use: Potion            |       |     1 ||     1
 Stab: Sleeping          |     3 |     1 ||     4
Armor: Skin              |     7 |       ||     7
Dodge: Dodged            |    43 |     8 ||    51
Block: Kite shield       |    31 |    11 ||    42

Table legend: (Time is in decaauts)
 A = Elapsed time spent in this place.
 B = Non-inter-level travel time spent in this place.
 C = Inter-level travel time spent in this place.
 D = Time resting spent in this place.
 E = Time spent auto-exploring this place.
 F = Levels seen in this place.
 G = Mean time per level.
                   A        B        C        D        E       F      G
               +--------+--------+--------+--------+--------+-----+--------+
         Total |   2226 |   2161 |     65 |      0 |   1834 |   3 |  742.0 |
       Dungeon |   2226 |   2161 |     65 |      0 |   1834 |   3 |  742.0 |
               +--------+--------+--------+--------+--------+-----+--------+

Top non-repeatable levels by time:
     D:1: 1245 daAuts
     D:2: 976 daAuts
     D:3: 5 daAuts
